 Dungeon Crawl Stone Soup version 0.22-a0-348-gd16d139 (webtiles) character file.

136 BaronVonScrub the Skirmisher (level 5, -2/33 HPs)
             Began as a Gargoyle Fighter on Apr 7, 2018.
             Was an Initiate of Trog.
             Slain by an ogre
             ... wielding a +0 giant club
              (24 damage)
             ... on level 3 of the Dungeon.
             The game lasted 00:15:21 (1785 turns).

BaronVonScrub the Skirmisher (Gargoyle Fighter)     Turns: 1785, Time: 00:15:22

Health: -2/33      AC: 15    Str: 20    XL:     5   Next: 19%
Magic:  5/5        EV:  4    Int:  9    God:    Trog [......]
Gold:   111        SH:  9    Dex:  9    Spells: 4/4 levels left

rFire    . . .     SeeInvis .   a - +0 flail
rCold    . . .     Gourm    .   c - +0 shield
rNeg     + . .     Faith    .   q - +0 plate armour
rPois    ∞         Spirit   .   (no helmet)
rElec    +         Reflect  .   (no cloak)
rCorr    .         Harm     .   (no gloves)
MR       .....                  (no boots)
Stlth    ..........             (no amulet)
HPRegen  0.11/turn              (no ring)
MPRegen  0.09/turn              (no ring)

@: no status effects
A: negative energy resistance 1, electricity resistance, unbreathing,
petrification resistance, rot immunity, AC +4
a: Renounce Religion


You were on level 3 of the Dungeon.
You worshipped Trog.
Trog was noncommittal.
You were not hungry.

You visited 1 branch of the dungeon, and saw 3 of its levels.

You collected 111 gold pieces.

Inventory:

Hand Weapons
 a - a +0 flail (weapon)
Missiles
 h - 26 sling bullets
Armour
 b - a +0 scale mail
 c - a +0 shield (worn)
 g - a +0 helmet
 j - a +0 scale mail
 q - a +0 plate armour (worn)
Jewellery
 n - a cursed -3 ring of protection {unknown}
Wands
 s - a wand of clouds (5)
Scrolls
 e - 4 scrolls of identify {unknown}
 k - 2 scrolls of enchant armour {unknown}
 m - a scroll of noise {unknown}
 o - a scroll of remove curse {unknown}
Potions
 d - a potion of might
 i - 2 potions of mutation {unknown}
 l - a potion of agility {unknown}
 p - a potion of brilliance {unknown}
 r - a potion of berserk rage {unknown}
Comestibles
 f - 4 rations


   Skills:
 + Level 4.0 Fighting
 + Level 3.7 Maces & Flails
 + Level 3.9 Armour
 + Level 0.6 Dodging
 + Level 3.8 Shields


You had 4 spell levels left.
You didn't know any spells.

Dungeon Overview and Level Annotations

Branches:
Dungeon (3/15)

Altars:
Trog


Innate Abilities, Weirdness & Mutations

You are resistant to torment.
Your stone body is resilient. (AC +4)
You are immune to poison.
You resist negative energy. (rN+)
You are resistant to electric shocks. (rElec)
You can survive without breathing.
You are immune to petrification.
You are immune to rotting.


Message History

The ogre shouts!
Found an escape hatch in the floor.
The bat barely misses you.
You closely miss the bat. You block the bat's attack.
Your plate armour prevents you from hitting the ogre.
You block the ogre's attack.
You sock the ogre!
The ogre is moderately wounded.
The ogre hits you with a giant club!
Your shield and plate armour prevent you from hitting the ogre.
The ogre is moderately wounded.
The ogre hits you but does no damage.
Your plate armour prevents you from hitting the ogre.
The ogre is moderately wounded.
You block the ogre's attack.
Your shield and plate armour prevent you from hitting the ogre.
The ogre is moderately wounded.
The ogre hits you with a giant club!!
Ouch! That really hurt!
You die...

#.... #.......#...#
#......###...#.##..#
### #..........#...#
#..####.......## #
#.##.##.# #.##....#
> #.#######
....##.###
#......bO@#
.######.#.# #.#.#
..#.. #######


You could see an ogre and a bat.

Vanquished Creatures
  A howler monkey zombie (D:2)
  4 adders
  An ooze (D:2)
  4 dart slugs
  6 leopard geckos
  6 bats
  A giant cockroach (D:2)
  8 goblins
  8 hobgoblins
  6 jackals (D:1)
  A ball python (D:3)
  11 frilled lizards
  9 kobolds
  5 rats (D:2)
71 creatures vanquished.

Notes
Turn   | Place    | Note
-------+----------+-------------------------------------------
     0 | D:1      | BaronVonScrub the Gargoyle Fighter began the quest for the Orb.
     0 | D:1      | Reached XP level 1. HP: 14/14 MP: 1/1
    36 | D:1      | Reached XP level 2. HP: 11/19 MP: 2/2
   421 | D:1      | Reached XP level 3. HP: 23/24 MP: 3/3
   813 | D:2      | Reached XP level 4. HP: 27/29 MP: 4/4
  1352 | D:2      | Found a bloodstained altar of Trog.
  1359 | D:2      | Became a worshipper of Trog the Wrathful
  1573 | D:3      | Reached XP level 5. HP: 33/33 MP: 5/5
  1747 | D:3      | Reached skill level 4 in Fighting
  1776 | D:3      | Noticed an ogre
  1785 | D:3      | Slain by an ogre

Vault maps used:
D:1:      tarquinn_simple_flora_water_d
D:2:      lightli_temple_of_fire, first_ration, hangedman_decor_growths,
          minmay_lizard_pond
D:3:      nicolae_dithmenos_through_a_glass_darkly, uniq_terence

Skill      XL: |  1  2  3  4  5 |
---------------+----------------+-----
Maces & Flails | 3 |  3.7
Fighting       | 4 |  4.0
Armour         | |  3.9
Dodging        | |  0.6
Shields        | |  3.8

Action                   |  1- 3 |  4- 6 || total
-------------------------+-------+-------++-------
Melee: Flail             |   132 |   128 ||   260
  Eat: Ration            |       |     1 ||     1
       Chunk             |       |     1 ||     1
Armor: Scale mail        |    58 |    39 ||    97
       Plate armour      |       |    35 ||    35
Dodge: Dodged            |    42 |    38 ||    80
Block: Shield            |    54 |    67 ||   121

Table legend:
 A = Spawn XP
 B = Non-spawn XP
 C = Spawn XP percentage of total XP
 D = Spawn monster count
 E = Non-spawn monster count
 F = Spawn count percentage of total count
 G = Total turns spent on level
                    A         B        C        D         E        F      G
               +---------+---------+-------+---------+---------+-------+---------
         Total |       0 |     195 |   0.0 |       0 |      71 |   0.0 |  1785
               +---------+---------+-------+---------+---------+-------+---------
           D:1 |       0 |      56 |   0.0 |       0 |      27 |   0.0 |   703
           D:2 |       0 |      91 |   0.0 |       0 |      30 |   0.0 |   849
           D:3 |       0 |      48 |   0.0 |       0 |      14 |   0.0 |   233
               +---------+---------+-------+---------+---------+-------+---------
